AoeStats
← El Fantasma de Pancho Villa

Black Forest

508138249Analyzed
4v4 RM · 12d ago on Sep 21, 2026· 49m 37s· 8 players
Game mode
Random Map
Map size
Large (8 player)
Population
200
Speed
Normal
Resources
Standard
Victory
Conquest
Starting age
Dark Age
Ending age
Imperial Age
RankedLock teamsTeams togetherTeam positionsShared explorationLock speedFull tech treeHidden civsTurbo modeCheats
Victory
Defeat
🇺🇸 Cumans · United States
1142
+10
🇨🇳 Huns · China
1039
+14
🇨🇳 Celts · China
1006
+16
🇲🇽 Magyars · Mexico
964
+17
🇵🇪 Burgundians · Peru
1024
-15
1001
-14
🇲🇽 Khmer · Mexico
997
-14
🇲🇽 Italians · Mexico
997
-14
BL_ELEKA
0:26 Loom
12:39 Feudal Age
19:30 Castle Age
25:55 Double-Bit Axe
25:52 Horse Collar
26:05 Gold Mining
31:44 Gold Shaft Mining
31:27 Fervor
32:47 Wheelbarrow
32:33 Bow Saw
33:34 Fortified Wall
37:35 Imperial Age
37:04 Masonry
39:27 Chemistry
39:31 Stone Mining
40:34 Fletching
41:15 Siege Engineers
BL_EL_TIGRE_EQUIVOCADO
0:31 Loom
14:42 Feudal Age
17:42 Double-Bit Axe
20:36 Castle Age
19:02 Fletching
21:07 Crossbowman
30:07 Horse Collar
38:28 Imperial Age
38:00 Wheelbarrow
37:28 Heavy Plow
40:03 Bow Saw
39:46 Gold Mining
39:48 Stone Mining
41:07 Hand Cart
44:57 Ballistics
45:37 Chemistry
44:39 Bodkin Arrow
44:44 Padded Archer Armor
44:49 Scale Barding Armor
44:56 Forging
45:53 Conscription
45:54 Wootz Steel
45:40 Medical Corps
46:06 Thumb Ring
45:47 Elite Elephant Archer
47:20 Bracer
47:36 Leather Archer Armor
BL_DELROD
10:14 Loom
12:39 Feudal Age
20:12 Castle Age
26:52 Horse Collar
27:37 Double-Bit Axe
30:37 Bow Saw
30:42 Heavy Plow
34:15 Wheelbarrow
36:18 Imperial Age
35:20 Hand Cart
37:53 Pikeman
39:49 Chemistry
39:10 Ballistics
39:12 Padded Archer Armor
39:03 Fletching
41:42 Leather Archer Armor
41:28 Scale Mail Armor
41:38 Forging
43:47 Bombard Tower
44:12 Chain Mail Armor
44:32 Iron Casting
MapacheZebra
1:03 Loom
13:25 Wheelbarrow
15:34 Feudal Age
16:58 Hand Cart
17:17 Horse Collar
17:25 Double-Bit Axe
19:56 Gold Mining
22:56 Gold Shaft Mining
23:45 Stone Mining
27:07 Castle Age
27:07 Bow Saw
28:20 Cavalier
30:27 Husbandry
31:03 Heavy Plow
35:58 Two-Man Saw
35:44 Crop Rotation
37:57 Stone Mining
39:05 Forging
39:00 Scale Barding Armor
mariourigar
8:57 Loom
12:07 Feudal Age
13:16 Double-Bit Axe
14:41 Man-at-Arms
17:54 Wheelbarrow
26:45 Castle Age
27:17 Arson
26:54 Long Swordsman
28:02 Scale Barding Armor
27:58 Scale Mail Armor
35:47 Bow Saw
39:10 Chain Mail Armor
38:46 Fletching
38:57 Padded Archer Armor
40:47 Husbandry
42:45 Gold Mining
42:46 Stone Mining
42:40 Light Cavalry
43:30 Bloodlines
47:32 Hand Cart
47:03 Town Watch
48:03 Chain Barding Armor
47:40 Bodkin Arrow
48:00 Leather Archer Armor
49:46 Gold Shaft Mining
El Fantasma de Pancho Villa
1:25 Loom
12:12 Feudal Age
12:29 Feudal Age
13:02 Man-at-Arms
14:10 Scale Mail Armor
23:14 Double-Bit Axe
24:06 Wheelbarrow
23:47 Gold Mining
26:15 Forging
30:50 Castle Age
29:33 Horse Collar
30:21 Scale Barding Armor
30:53 Bloodlines
33:52 Heavy Plow
38:24 Imperial Age
36:33 Bow Saw
37:17 Iron Casting
37:34 Chain Barding Armor
40:07 Plate Barding Armor
40:32 Blast Furnace
41:22 Elite Steppe Lancer
49:22 Spies/Treason
熊大来袭
12:01 Feudal Age
17:18 Castle Age
18:38 Horse Collar
20:03 Double-Bit Axe
24:23 Wheelbarrow
24:25 Gold Mining
26:03 Bow Saw
25:55 Heavy Plow
27:14 Gold Shaft Mining
27:17 Hand Cart
32:08 Imperial Age
30:24 Scale Barding Armor
30:29 Forging
31:47 Chain Barding Armor
32:31 Iron Casting
32:07 Marauders
32:11 Husbandry
32:22 Bloodlines
33:47 Conscription
36:01 Elite Tarkan
37:20 Plate Barding Armor
37:46 Blast Furnace
48:31 Spies/Treason
嬴政1号
1:16 Loom
1:23 Loom
14:58 Feudal Age
15:07 Man-at-Arms
22:16 Scale Mail Armor
22:28 Forging
25:19 Fletching
31:02 Castle Age
29:35 Double-Bit Axe
29:36 Horse Collar
32:03 Pikeman
34:08 Chain Mail Armor
34:29 Iron Casting
36:03 Gold Mining
37:33 Wheelbarrow
38:14 Long Swordsman
38:40 Gambesons
39:30 Bow Saw
45:28 Gold Shaft Mining
44:44 Stone Mining
46:00 Hand Cart
Connection lost

Rejoining the realm…

Still unreachable

The connection could not be restored.

Session expired

The server has moved on; the page needs a fresh start.